Map: Torches LE

Players

ByuN - Winner!

  • Race: Terran Terran
  • Spawn Location: 1:00

Shameless

  • Race: Protoss Protoss
  • Spawn Location: 5:00

VOD

Have the link to the VOD?

Description

Time

  • Played on: July 29, 2025, 10:35 p.m.
  • Length: 11:50
Show
View Real Time Build Order
Export as new Build Order

ByuN Terran - Winner!

Build Orders:  

Get SALT Encoding   

  12  0:00  SCV  
  13  0:12  SCV  
  14  0:17  Supply Depot  
  14  0:24  SCV  
  15  0:39  SCV  
  15  0:40  Barracks  
  16  0:43  Refinery  
  16  0:51  SCV  
  16  0:55  Refinery  
  17  1:03  SCV  
  18  1:15  SCV  
  19  1:20  Supply Depot  
  19  1:27  Reaper, Orbital Command  
  20  1:42  Factory  
  20  1:53  SCV  
  21  1:59  Reaper  
  22  2:05  SCV  
  23  2:18  Command Center  
  23  2:21  SCV  
  24  2:29  Hellion  
  26  2:34  Barracks Reactor  
  26  2:36  SCV  
  27  2:45  Starport  
  27  2:48  SCV  
  30  2:55  Supply Depot  
  30  3:00  SCV, Factory Tech Lab  
  29  3:12  Marine x2  
  31  3:16  SCV  
  32  3:21  Cyclone  
  33  3:28  SCV  
  33  3:34  Orbital Command  
  33  3:35  Medivac, Marine x2  
  33  3:40  SCV  
  37  3:53  SCV, Marine x2  
  37  3:55  Cyclone  
  43  4:03  SCV  
  43  4:05  SCV  
  45  4:11  Command Center  
  45  4:16  SCV  
  48  4:17  SCV  
  48  4:18  Marine x2  
  48  4:22  Supply Depot  
  49  4:28  SCV  
  49  4:29  SCV  
  51  4:36  Barracks  
  51  4:38  Barracks  
  51  4:40  SCV  
  51  4:41  SCV  
  51  4:43  Factory Tech Lab  
  51  4:45  Marine x2  
  55  4:53  SCV x2  
  55  4:57  Starport Reactor  
  57  5:03  Engineering Bay, Refinery  
  57  5:04  Engineering Bay  
  57  5:05  SCV x2  
  59  5:08  Marine  
  61  5:14  Supply Depot  
  61  5:17  SCV x2  
  62  5:25  Refinery  
  62  5:27  Marine  
  62  5:28  Marine  
  66  5:29  SCV x2  
  66  5:38  Marauder x2  
  66  5:39  Combat Shield  
  66  5:40  Stimpack  
  66  5:41  SCV x2  
  72  5:44  Orbital Command  
  72  5:47  Terran Infantry Weapons Level 1, Terran Infantry Armor Level 1  
  72  5:56  SCV x2  
  74  5:57  Marine x2  
  74  6:02  Barracks  
  74  6:03  Barracks  
  76  6:07  Marauder x2  
  76  6:08  SCV x2  
  76  6:10  Medivac  
  84  6:15  Medivac  
  84  6:17  Supply Depot  
  86  6:19  Supply Depot  
  86  6:20  SCV  
  86  6:22  SCV x2  
  89  6:28  Marine  
  89  6:29  Factory Reactor  
  89  6:30  Supply Depot  
  90  6:33  SCV  
  90  6:34  SCV  
  90  6:38  SCV  
  93  6:41  Supply Depot  
  93  6:45  SCV, Marine  
  93  6:46  Marauder x2  
  99  6:47  SCV  
  99  6:50  SCV  
  99  6:51  Barracks Tech Lab  
  99  6:53  Barracks Reactor  
  101  6:54  Missile Turret  
  101  6:55  Missile Turret  
  101  6:57  Medivac  
  101  7:00  Medivac  
  105  7:05  SCV  
  105  7:06  SCV  
  105  7:07  SCV  
  108  7:11  Supply Depot  
  108  7:13  Armory  
  108  7:15  Marauder x2  
  112  7:16  Marauder  
  112  7:19  Ghost Academy  
  114  7:24  SCV x2  
  114  7:25  SCV  
  114  7:27  Starport  
  114  7:29  Refinery x2  
  117  7:32  Viking  
  117  7:36  Viking  
  121  7:40  Missile Turret  
  121  7:41  Supply Depot  
  121  7:46  Marauder  
  121  7:47  Marauder x2  
  127  7:57  SCV x3  
  130  8:06  Viking  
  130  8:07  Ghost x2, Viking  
  130  8:11  Missile Turret  
  140  8:14  Terran Infantry Armor Level 2  
  140  8:18  Terran Infantry Weapons Level 2  
  140  8:20  Viking  
  140  8:21  Terran Ship Weapons Level 1  
  141  8:32  Supply Depot  
  141  8:33  Supply Depot, Viking, SCV x3  
  141  8:34  Ghost  
  149  8:49  Concussive Shells  
  149  8:53  Marauder x2, Marine  
  154  8:59  Viking  
  154  9:00  Viking  
  158  9:05  Marauder  
  158  9:06  Command Center, Marine x3  
  163  9:11  Marine  
  163  9:17  Barracks x2  
  163  9:19  Barracks  
  163  9:25  SCV x2  
  163  9:28  Sensor Tower  
  165  9:55  Supply Depot  
  165  9:56  Supply Depot x2  
  165  9:58  Ghost x2, Medivac  
  173  10:00  Fusion Core  
  173  10:07  Barracks Reactor  
  173  10:08  Barracks Tech Lab x2  
  173  10:10  Missile Turret  
  173  10:11  Missile Turret  
  173  10:13  Medivac, SCV  
  173  10:14  Ghost  
  173  10:17  Medivac x2  
  173  10:19  Planetary Fortress  
  177  10:25  Sensor Tower  
  177  10:27  Marauder x2  
  181  10:29  Marauder  
  181  10:30  Marauder, Marine  
  181  10:32  Marine  
  181  10:34  Marine x2  
  188  10:43  Marauder  
  188  10:45  Marine  
  188  10:46  Marine  
  188  10:48  Marine  
  188  10:49  Marauder x2  
  186  10:50  Marine  
  186  10:51  Marauder x2  
  188  10:59  Fusion Core  
  188  11:04  Marauder  
  188  11:06  Medivac  
  188  11:07  Medivac  
  188  11:10  Marauder x2  
  190  11:12  Marauder x2  
  190  11:14  Marine x2  
  190  11:15  Marine x4  
  177  11:26  Marauder  
Show
View Real Time Build Order
Export as new Build Order

Shameless Protoss 

Build Orders: 1 Gate Expand, Phoenix Opening 

Get SALT Encoding   

  12  0:01  Probe  
  13  0:13  Probe  
  14  0:18  Pylon  
  14  0:24  Probe  
  15  0:33  Probe  
  15  0:37  Gateway  
  15  0:41  Probe  
  16  0:46  Assimilator  
  17  0:51  Probe  
  18  1:03  Probe  
  19  1:15  Probe  
  20  1:23  Nexus  
  20  1:32  Cybernetics Core  
  20  1:36  Probe  
  21  1:42  Assimilator  
  21  1:48  Probe  
  22  1:54  Pylon  
  22  2:00  Probe, Stalker  
  23  2:12  Probe  
  23  2:14  Warp Gate  
  26  2:24  Probe  
  26  2:27  Adept  
  27  2:35  Stargate  
  27  2:36  Probe  
  27  2:37  Probe  
  31  2:48  Probe  
  31  2:49  Shield Battery  
  31  2:50  Probe  
  33  2:57  Adept  
  35  3:00  Probe  
  35  3:02  Probe  
  37  3:12  Gateway  
  37  3:14  Probe  
  37  3:16  Probe  
  37  3:26  Probe  
  36  3:28  Probe  
  36  3:29  Phoenix  
  35  3:38  Probe  
  35  3:39  Probe  
  39  3:47  Probe  
  39  3:49  Robotics Facility  
  39  3:51  Probe  
  41  3:56  Probe  
  41  3:58  Phoenix  
  44  4:03  Probe  
  44  4:06  Assimilator  
  45  4:10  Pylon  
  45  4:11  Probe  
  45  4:16  Assimilator  
  46  4:24  Pylon  
  46  4:28  Probe x2, Phoenix  
  50  4:33  Observer  
  51  4:40  Probe x2, Immortal  
  53  4:52  Probe x2  
  55  4:58  Phoenix  
  61  5:04  Probe x2  
  61  5:13  Pylon  
  61  5:16  Probe  
  61  5:18  Pylon, Observer  
  62  5:26  Probe  
  62  5:27  Observer  
  62  5:31  Probe, Phoenix  
  65  5:38  Probe, Immortal  
  66  5:43  Nexus  
  66  5:44  Robotics Bay  
  70  5:51  Probe  
  70  5:52  Probe  
  70  5:54  Sentry  
  74  5:59  Phoenix  
  74  6:03  Probe  
  74  6:04  Pylon  
  77  6:05  Probe  
  77  6:16  Gateway, Probe, Colossus  
  77  6:18  Gateway  
  78  6:22  Probe, Pylon  
  79  6:28  Probe  
  87  6:40  Shield Battery, Probe  
  87  6:41  Probe  
  87  6:45  Sentry, Zealot  
  92  6:49  Extended Thermal Lance  
  92  6:52  Probe  
  92  6:53  Probe  
  94  6:55  Probe  
  94  6:57  Twilight Council  
  95  7:04  Probe  
  95  7:05  Forge  
  96  7:09  Probe  
  96  7:15  Probe  
  98  7:17  Colossus  
  98  7:24  Gateway  
  98  7:25  Zealot x2  
  98  7:26  Gateway  
  98  7:29  Gateway  
  102  7:30  Gateway  
  102  7:33  Charge  
  108  7:39  Protoss Ground Weapons Level 1  
  108  7:40  Pylon  
  108  7:49  Nexus  
  108  7:57  Robotics Facility  
  108  7:58  Probe x2  
  110  8:00  Probe  
  110  8:01  Pylon  
  110  8:03  Pylon  
  111  8:08  Stalker x2  
  111  8:10  Probe x2  
  117  8:16  Observer  
  117  8:19  Probe  
  119  8:22  Probe, Disruptor, Pylon  
  119  8:25  Assimilator, Probe  
  121  8:31  Assimilator, Probe  
  121  8:33  Forge  
  122  8:34  Stalker  
  122  8:35  Disruptor  
  122  8:37  Probe  
  122  8:39  Probe  
  130  8:48  Zealot, Stalker x2  
  140  8:53  Probe x2  
  140  8:55  Probe, Disruptor  
  141  8:58  Protoss Ground Armor Level 1, Observer  
  141  9:02  Probe  
  146  9:03  Zealot x2, Sentry, Observer  
  146  9:04  Zealot x2  
  156  9:15  Pylon  
  156  9:19  Observer  
  156  9:21  Pylon  
  156  9:22  Pylon  
  156  9:28  Disruptor  
  156  9:29  Pylon  
  156  9:30  Blink  
  156  9:33  Probe, Disruptor  
  156  9:34  Stalker  
  167  9:58  Observer  
  167  9:59  Immortal  
  167  10:00  Gateway  
  167  10:02  Gateway  
  167  10:03  Dark Shrine, Gravitic Boosters  
  167  10:05  Stalker x3  
  167  10:06  Zealot x3  
  184  10:16  Immortal  
  184  10:18  Gateway, Nexus  
  184  10:21  Pylon  
  184  10:22  Pylon  
  188  10:31  Pylon  
  188  10:34  Gateway  
  188  10:35  Disruptor  
  192  10:45  Gateway  
  178  10:54  Zealot x8  
  178  10:57  Disruptor  
  171  11:19  Nexus  
  171  11:22  Pylon  
  171  11:25  Zealot x10  
  157  11:30  Zealot  
  157  11:31  Zealot  
Tags
 
Add a new tag
Caveats
  • Supply blocks, unpowered buildings, or Contaminate may cause inaccurate times.
  • Supply counts are checked every 10 seconds.